[Event "Titled Tuesday Blitz June 20 Early 2023"]
[White "Bodnaruk, Anastasia"]
[Black "Sai Han Thiha"]
[WhiteFideId "4181751"]
[BlackFideId "13012290"]
[WhiteElo "2304"]
[BlackElo "1953"]
[Result "0-1"]
[Round "3"]
[TimeControl "180+2"]
[Date "2023.06.20"]
[WhiteClock "0:00:02"]
[BlackClock "0:00:15"]
[Board "129"]

1. e4 c6 2. d4 d5 3. e5 c5 4. c3 Nc6 5. Be2 cxd4 6. cxd4 Bf5 7. Nf3 e6 8. O-O Nge7 9. Nc3 Bg4 10. Be3 Nf5 11. Qd2 Be7 12. h3 Bxf3 13. Bxf3 O-O 14. Be2 f6 15. exf6 Bxf6 16. Bg4 Nfxd4 17. Ne2 Nxe2+ 18. Qxe2 e5 19. Rad1 d4 20. Bc1 Kh8 21. Bf5 g6 22. Be4 Bg7 23. Kh1 Qh4 24. Rd3 Rf7 25. Bd5 Rd7 26. Be4 Rf8 27. Rb3 Rdf7 28. Kg1 Nd8 29. Bd5 Rd7 30. Bc4 Nc6 31. a3 Na5 32. Bd3 Nxb3 33. Bb5 Rdf7 34. Bc4 Nxc1 0-1


[Site "https://www.chess.com"]

[Event "Titled Tuesday Blitz June 20 Early 2023"]
[White "Savitha Shri B"]
[Black "Sourath Biswas"]
[WhiteFideId "35061887"]
[BlackFideId "35091484"]
[WhiteElo "2172"]
[BlackElo "2171"]
[Result "0-1"]
[Round "3"]
[TimeControl "180+2"]
[Date "2023.06.20"]
[WhiteClock "0:00:12"]
[BlackClock "0:01:26"]
[Board "130"]

1. e4 c6 2. d4 d5 3. Nc3 dxe4 4. Nxe4 Nf6 5. Nxf6+ exf6 6. c3 Bd6 7. Bd3 Na6 8. Ne2 O-O 9. O-O Nc7 10. Qc2 h5 11. Nf4 h4 12. h3 Re8 13. Bh7+ Kf8 14. Be4 Ne6 15. Nh5 Ng5 16. Bxg5 fxg5 17. f4 gxf4 18. Nxf4 Qg5 19. Ne2 Qe3+ 20. Rf2 Qxe4 21. Qb3 Be6 22. Qxb7 Rab8 23. Qxa7 Rxb2 24. Raf1 Be7 25. Nf4 Rxf2 26. Rxf2 Bc4 27. Kh2 Bd6 28. g3 hxg3+ 29. Kxg3 Qe3+ 30. Rf3 Bxf4+ 31. Kg4 Be6+ 0-1


[Site "https://www.chess.com"]

[Event "Titled Tuesday Blitz June 20 Early 2023"]
[White "Sowul, Bartosz"]
[Black "Mrudul Dehankar"]
[WhiteFideId "1137590"]
[BlackFideId "25096990"]
[WhiteElo "2188"]
[BlackElo "2139"]
[Result "1-0"]
[Round "3"]
[TimeControl "180+2"]
[Date "2023.06.20"]
[WhiteClock "0:00:22"]
[BlackClock "0:00:00"]
[Board "131"]

1. e4 c6 2. d4 d5 3. e5 Bf5 4. h4 h5 5. Bd3 Bxd3 6. Qxd3 Qa5+ 7. Nd2 e6 8. Nf3 Ne7 9. O-O Nf5 10. Nb3 Qb5 11. Qd1 Be7 12. g3 Nd7 13. a4 Qa6 14. Bg5 Rc8 15. c3 c5 16. dxc5 Bxc5 17. Nfd4 Bxd4 18. Nxd4 g6 19. Nxf5 gxf5 20. Re1 Rc4 21. Re3 Kf8 22. b3 Re4 23. Rxe4 fxe4 24. c4 Qc6 25. Rc1 Nxe5 26. Bf6 Nf3+ 27. Kg2 Rh6 28. cxd5 Qe8 29. d6 Rxf6 30. d7 1-0


[Site "https://www.chess.com"]

[Event "Titled Tuesday Blitz June 20 Early 2023"]
[White "Goncalves, Davi Sulzbacher"]
[Black "TimGrutter03"]
[WhiteFideId "2154510"]
[WhiteElo "2182"]
[BlackElo "2578"]
[Result "0-1"]
[Round "3"]
[TimeControl "180+2"]
[Date "2023.06.20"]
[WhiteClock "0:00:00"]
[BlackClock "0:00:03"]
[Board "132"]

1. Nf3 c6 2. d4 d5 3. c4 Bg4 4. Qb3 Qb6 5. c5 Qc7 6. Nc3 Bxf3 7. gxf3 g6 8. Bf4 Qc8 9. Bh3 Nd7 10. e4 e6 11. O-O Ngf6 12. exd5 cxd5 13. Rfe1 Be7 14. Bxe6 fxe6 15. Rxe6 Nxc5 16. Rxe7+ Kxe7 17. dxc5 Qc6 18. Bg5 Rad8 19. Ne2 Kf7 20. Nd4 Qxc5 21. Qe3 Rde8 22. Qf4 Qb6 23. Rc1 Rc8 24. Re1 Rhe8 25. Re5 Rxe5 26. Qxe5 Re8 27. Qf4 Kg7 28. Kg2 Nh5 29. Bh6+ Kg8 30. Qg4 Qd6 31. Kh3 Nf6 32. Qg5 Qd7+ 33. Kg2 Qf7 34. h4 Nh5 35. Qg4 a6 36. Nb3 b5 37. Nd4 b4 38. Nc6 Ng7 39. Nd4 Nf5 40. Nc6 Nxh6 0-1


[Site "https://www.chess.com"]

[Event "Titled Tuesday Blitz June 20 Early 2023"]
[White "Parpiev, Isaak"]
[Black "KorolDimitriy75"]
[WhiteFideId "34281576"]
[WhiteElo "2167"]
[BlackElo "2422"]
[Result "0-1"]
[Round "3"]
[TimeControl "180+2"]
[Date "2023.06.20"]
[WhiteClock "0:00:01"]
[BlackClock "0:00:30"]
[Board "133"]

1. Nf3 c5 2. e4 d6 3. d4 cxd4 4. Nxd4 Nf6 5. Nc3 g6 6. Be3 Bg7 7. f3 O-O 8. Qd2 Nc6 9. O-O-O d5 10. exd5 Nxd5 11. Nxc6 bxc6 12. Bd4 e5 13. Bc5 Be6 14. Ne4 Rb8 15. h4 f5 16. Ng5 e4 17. c3 Qa5 18. Nxe6 Qxa2 19. Qc2 Rfd8 20. Bc4 Bh6+ 21. Ng5 Qxc4 22. Bd4 c5 23. fxe4 cxd4 24. exd5 Rxd5 25. Rxd4 Rxd4 26. cxd4 Qxd4 27. Rd1 Qxh4 28. Qc7 Qxg5+ 29. Kb1 Rf8 30. Qc4+ Kh8 31. Qd4+ Bg7 32. Qxa7 Qf6 33. Qb7 h5 34. g3 Rf7 35. Qb8+ Kh7 36. Qb3 Rc7 37. Rd2 Qe5 38. Qb4 Qe4+ 39. Ka2 Qxb4 0-1


[Site "https://www.chess.com"]

[Event "Titled Tuesday Blitz June 20 Early 2023"]
[White "Rangel, Daniel"]
[Black "Subelj, Jan"]
[WhiteFideId "2124475"]
[BlackFideId "14618583"]
[WhiteElo "2231"]
[BlackElo "2499"]
[Result "0-1"]
[Round "3"]
[TimeControl "180+2"]
[Date "2023.06.20"]
[WhiteClock "0:00:00"]
[BlackClock "0:00:36"]
[Board "134"]

1. d4 c6 2. c4 d5 3. Nc3 Nf6 4. cxd5 cxd5 5. Bg5 Ne4 6. Nxe4 dxe4 7. Be3 e6 8. a3 Nc6 9. g3 g6 10. Bg2 f5 11. Qd2 Bg7 12. Rd1 O-O 13. h4 b6 14. h5 Rf7 15. hxg6 hxg6 16. Nh3 Na5 17. Bg5 Qd6 18. Nf4 Nb3 19. Qc3 Nxd4 20. Nxg6 e5 21. Nh4 Rc7 22. Qd2 Ba6 23. O-O Qe6 24. Rfe1 Rc2 25. Qe3 Nxe2+ 26. Rxe2 Rxe2 27. Qc3 Rc8 28. Qb4 Bf8 29. Qa4 b5 30. Qa5 Bc5 31. Rf1 Qb6 32. Qxb6 axb6 33. Nxf5 Bb7 34. Bh3 Rf8 35. Nh6+ Kg7 36. Be6 Rfxf2 0-1


[Site "https://www.chess.com"]

[Event "Titled Tuesday Blitz June 20 Early 2023"]
[White "Krishnan, Varun"]
[Black "Itkis, Boris"]
[WhiteFideId "5054508"]
[BlackFideId "1209167"]
[WhiteElo "2568"]
[BlackElo "2219"]
[Result "1-0"]
[Round "3"]
[TimeControl "180+2"]
[Date "2023.06.20"]
[WhiteClock "0:00:05"]
[BlackClock "0:00:12"]
[Board "135"]

1. e4 e6 2. d4 d5 3. Nd2 c5 4. exd5 Qxd5 5. Ngf3 cxd4 6. Bc4 Qd6 7. Nb3 Qb4+ 8. Nfd2 Nc6 9. O-O Be7 10. a3 Qb6 11. Nf3 e5 12. Re1 Bg4 13. h3 Bxf3 14. Qxf3 Nf6 15. Bg5 h6 16. Bh4 O-O 17. Bg3 Bd6 18. Bd3 Rfe8 19. Bh4 Be7 20. Nd2 Nd5 21. Qxd5 Bxh4 22. Qe4 Bf6 23. Qh7+ Kf8 24. Ne4 Qc7 25. Nxf6 gxf6 26. Qxh6+ Ke7 27. Rad1 Rh8 28. Qd2 Rag8 29. Be4 Rxh3 30. Qe2 Rh4 31. g3 Qd7 32. Bg2 Rhh8 33. c3 Qg4 34. Qc4 Qe6 35. Qc5+ Qd6 36. Qc4 Na5 37. Qb5 Qb6 38. Qxb6 axb6 39. cxd4 Ke6 40. dxe5 fxe5 41. Bd5+ Kf6 42. Rd3 Rd8 43. Rf3+ Kg5 44. Bxf7 Rhf8 45. Rxe5+ Kh6 46. Rh5+ Kg7 47. Rg5+ Kh6 48. Rg6+ Kh7 49. Rg4 Nc6 50. Bg6+ Kh6 51. Re3 Rd6 52. Be4 Ne5 53. Rh4+ Kg7 54. Kg2 Rdf6 55. f4 Ng6 56. Bxg6 Kxg6 57. Re7 Rc6 58. Rg4+ Kf6 59. Rgg7 Rd8 60. Ref7+ Ke6 61. Rxb7 Rd2+ 62. Kh3 Kd5 63. Rgd7+ Rd6 64. Rxd6+ Kxd6 65. Rxb6+ Kc5 66. Rb4 Rd1 67. f5 Rh1+ 68. Kg4 Rh8 69. Kg5 Rg8+ 70. Kf6 Kd6 71. Kf7 Rxg3 72. f6 Rf3 73. Rd4+ Ke5 74. Rb4 Rxf6+ 75. Ke7 Rf3 76. Kd7 Kd5 77. Kc7 Kc5 78. Kb7 Rf7+ 79. Ka6 Rf6+ 80. Ka5 Rf8 81. Ka4 Ra8+ 82. Kb3 Rh8 83. Rc4+ Kb5 84. a4+ Ka5 85. Rc5+ Ka6 86. Kb4 Rh4+ 87. Rc4 Rh2 88. b3 Rh5 89. Rc6+ Kb7 90. Rg6 Rh4+ 91. Ka3 Rh5 92. Rg4 Kb6 93. Rb4+ Ka6 94. Rf4 Kb6 95. Rf3 Rh4 96. b4 Rg4 97. Rf6+ Kb7 98. a5 Rg3+ 99. Ka4 Rg1 100. Rf7+ Kc6 101. Rf6+ Kd5 102. a6 Kc4 103. Rc6+ Kd5 104. Rc5+ Kd6 105. Kb5 Ra1 106. Kb6 Rb1 107. Rc4 Ra1 108. b5 Kd5 109. Rc2 Kd6 110. Rd2+ Ke7 111. Kb7 1-0


[Site "https://www.chess.com"]

[Event "Titled Tuesday Blitz June 20 Early 2023"]
[White "Bauman_Guy"]
[Black "Buchenau, Frank"]
[BlackFideId "4604350"]
[WhiteElo "2567"]
[BlackElo "2157"]
[Result "1-0"]
[Round "3"]
[TimeControl "180+2"]
[Date "2023.06.20"]
[WhiteClock "0:01:10"]
[BlackClock "0:00:10"]
[Board "136"]

1. e4 e6 2. d4 d5 3. Nc3 Nf6 4. e5 Nfd7 5. Nce2 c5 6. c3 Nc6 7. Nf3 Be7 8. a3 b5 9. Nf4 Rb8 10. h4 a5 11. Bd3 b4 12. axb4 axb4 13. g3 bxc3 14. bxc3 cxd4 15. cxd4 Nb4 16. Be2 Qc7 17. Kf1 Qc2 18. Bd2 Qxd1+ 19. Bxd1 Ba6+ 20. Kg2 Bc4 21. Bxb4 Bxb4 22. Ra7 Nb6 23. Ng5 O-O 24. Bh5 g6 25. Bg4 Ra8 26. Rha1 Bc3 27. Rxa8 Rxa8 28. Rb1 Rb8 29. Nf3 Nd7 30. Rc1 Bb2 31. Rc2 Ba3 32. Nd2 Nb6 33. Nxc4 Nxc4 34. Nxe6 fxe6 35. Bxe6+ Kf8 36. Bxd5 Nb6 37. Be4 Rd8 38. f4 Rxd4 39. Kf3 Nc4 40. Bb7 h5 41. Ba6 Nb6 42. Rc6 Kf7 43. Rxb6 Bc1 44. Rf6+ Kg7 45. Bb7 Rb4 46. Be4 Rb3+ 47. Kg2 Rb2+ 48. Kh3 1-0


[Site "https://www.chess.com"]

[Event "Titled Tuesday Blitz June 20 Early 2023"]
[White "Skliarov, Viktor"]
[Black "Zilleruelo Irizarry, Diego"]
[WhiteFideId "14106736"]
[BlackFideId "3101460"]
[WhiteElo "2317"]
[BlackElo "2009"]
[Result "1-0"]
[Round "3"]
[TimeControl "180+2"]
[Date "2023.06.20"]
[WhiteClock "0:00:44"]
[BlackClock "0:00:31"]
[Board "137"]

1. e4 c6 2. d4 d5 3. e5 c5 4. dxc5 e6 5. a3 Bxc5 6. b4 Bb6 7. Qg4 Ne7 8. Bb2 O-O 9. Nf3 Nd7 10. Bd3 Ng6 11. h4 f5 12. Qg3 Bc7 13. h5 f4 14. Qh3 Ngxe5 15. Qxe6+ Kh8 16. h6 Nxf3+ 17. gxf3 Nf6 18. hxg7+ Kxg7 19. Rxh7# 1-0


[Site "https://www.chess.com"]

[Event "Titled Tuesday Blitz June 20 Early 2023"]
[White "Fonseca Manrique, Enrique"]
[Black "Herzog2012"]
[WhiteFideId "5114330"]
[WhiteElo "2560"]
[BlackElo "2412"]
[Result "0-1"]
[Round "3"]
[TimeControl "180+2"]
[Date "2023.06.20"]
[WhiteClock "0:00:00"]
[BlackClock "0:00:05"]
[Board "138"]

1. e4 c5 2. Nc3 Nc6 3. f4 g6 4. Nf3 Bg7 5. a4 e6 6. e5 d6 7. Bb5 dxe5 8. fxe5 Bd7 9. Qe2 a6 10. Bxc6 Bxc6 11. O-O Ne7 12. d3 Nf5 13. Ne4 Bxe4 14. Qxe4 Qd5 15. Qxd5 exd5 16. b3 O-O 17. Re1 Rfe8 18. Ba3 Rac8 19. Re2 b5 20. axb5 axb5 21. Bb2 d4 22. b4 cxb4 23. g4 Ne3 24. Nxd4 Nxg4 25. Nf3 f6 26. e6 Rc6 27. Nd4 Rd6 28. Nxb5 Rdxe6 29. Rxe6 Rxe6 30. Ra8+ Kf7 31. Ra7+ Re7 32. Rxe7+ Kxe7 33. Bc1 f5 34. Bd2 Kd7 35. Bxb4 Kc6 36. Nc3 Bxc3 37. Bxc3 Ne3 38. Kf2 Nxc2 39. Bg7 Kd5 40. Ke2 Nd4+ 41. Ke3 Ne6 42. Bf6 g5 43. h3 h5 44. Be7 g4 45. hxg4 hxg4 46. Bf6 f4+ 47. Ke2 Nc5 48. Bg7 Ke6 49. Bd4 Nd7 50. Bg7 Kf5 51. Bc3 Nf6 52. Ba5 Nd5 53. Bd2 Nf6 54. Ba5 Nd5 55. Bd2 Ke5 56. Bc1 Kf5 57. Bb2 f3+ 58. Kf2 Nf4 0-1


[Site "https://www.chess.com"]

[Event "Titled Tuesday Blitz June 20 Early 2023"]
[White "Slavin, Alexey"]
[Black "Sebag, Marie"]
[WhiteFideId "24104388"]
[BlackFideId "617822"]
[WhiteElo "2264"]
[BlackElo "2431"]
[Result "0-1"]
[Round "3"]
[TimeControl "180+2"]
[Date "2023.06.20"]
[WhiteClock "0:00:15"]
[BlackClock "0:00:35"]
[Board "139"]

1. e4 e5 2. Nf3 Nc6 3. c3 Nf6 4. d4 d6 5. dxe5 Nxe5 6. Nxe5 dxe5 7. Qxd8+ Kxd8 8. Bg5 c6 9. Bc4 Kc7 10. Bxf7 Nxe4 11. Be3 Nd6 12. Bb3 Nf5 13. Bd2 Bc5 14. O-O Rf8 15. Bc2 Be6 16. a4 a5 17. Na3 Rf6 18. Rfe1 Raf8 19. Rxe5 Bd6 20. Re2 h6 21. Rae1 Bxa3 22. Rxe6 Bxb2 23. Rxf6 Rxf6 24. g3 Ba3 25. Kg2 Bc5 26. Re5 Nh4+ 27. gxh4 Rxf2+ 28. Kg3 Rxd2 29. Bf5 Bd6 0-1


[Site "https://www.chess.com"]

[Event "Titled Tuesday Blitz June 20 Early 2023"]
[White "Novikova, Galina"]
[Black "Shukhman, Anna"]
[WhiteFideId "4157095"]
[BlackFideId "54180058"]
[WhiteElo "1953"]
[BlackElo "2235"]
[Result "0-1"]
[Round "3"]
[TimeControl "180+2"]
[Date "2023.06.20"]
[WhiteClock "0:00:02"]
[BlackClock "0:00:27"]
[Board "140"]

1. e4 c5 2. Nf3 a6 3. b4 cxb4 4. a3 e6 5. axb4 Bxb4 6. c3 Be7 7. d4 Nf6 8. e5 Nd5 9. Bd3 d6 10. O-O dxe5 11. dxe5 Nc6 12. Bd2 Qc7 13. Qe2 Bd7 14. Na3 Rd8 15. Nc4 b5 16. Nb2 Bc8 17. Rfe1 O-O 18. h4 Na5 19. Bg5 g6 20. Bxe7 Nxe7 21. h5 Nb3 22. Rad1 Qxc3 23. Ng5 Nd4 24. Qg4 Qxb2 25. Ne4 Nd5 26. Qg5 Nf5 27. Nf6+ Nxf6 28. exf6 Qc3 29. Bxf5 exf5 30. hxg6 fxg6 31. Rxd8 Qxe1+ 32. Kh2 Rxd8 33. f7+ Kxf7 34. Qxd8 Qe5+ 35. Kg1 Bb7 36. Qc7+ Qxc7 0-1


[Site "https://www.chess.com"]

[Event "Titled Tuesday Blitz June 20 Early 2023"]
[White "Suarez Uriel, Adrian"]
[Black "Trifan, Andrei Ioan"]
[WhiteFideId "22230874"]
[BlackFideId "12967068"]
[WhiteElo "2331"]
[BlackElo "2208"]
[Result "1-0"]
[Round "3"]
[TimeControl "180+2"]
[Date "2023.06.20"]
[WhiteClock "0:00:09"]
[BlackClock "0:00:04"]
[Board "141"]

1. d4 Nf6 2. c4 e6 3. Nc3 d5 4. Nf3 b6 5. cxd5 Nxd5 6. Nxd5 Qxd5 7. e3 Bb4+ 8. Bd2 Be7 9. Rc1 Qd8 10. Qc2 c6 11. Ne5 O-O 12. Bd3 h6 13. Be4 Ba6 14. b4 f5 15. Bf3 f4 16. a4 fxe3 17. fxe3 Bh4+ 18. g3 Bf6 19. Ng6 Rf7 20. b5 Bb7 21. O-O cxb5 22. Bxb7 Rxb7 23. axb5 a6 24. Qe4 Qd7 25. Rc6 axb5 26. Rxe6 Na6 27. Rxb6 Rab8 28. Rxa6 b4 29. Ne5 Qb5 30. Raxf6 gxf6 31. Qg6+ Rg7 32. Qxf6 Qe2 33. Bc1 b3 34. Qe6+ Kh7 35. Nd7 b2 36. Qe4+ Kg8 37. Nxb8 Re7 38. Qg6+ Rg7 39. Qe6+ Kh7 40. Bxb2 Qxb2 41. Nc6 Qb6 42. Qe4+ Kg8 43. Ne5 Qe6 44. Rb1 Qd6 45. Ra1 Re7 46. Ra8+ Kg7 47. Qg4+ Kf6 48. Qg6# 1-0


[Site "https://www.chess.com"]

[Event "Titled Tuesday Blitz June 20 Early 2023"]
[White "Pham, Khoi"]
[Black "FREDERICKtheMATE"]
[WhiteFideId "1054988"]
[WhiteElo "2553"]
[BlackElo "2392"]
[Result "0-1"]
[Round "3"]
[TimeControl "180+2"]
[Date "2023.06.20"]
[WhiteClock "0:00:20"]
[BlackClock "0:00:07"]
[Board "142"]

1. d4 c5 2. d5 g6 3. e4 Bg7 4. Nf3 d6 5. h3 Nf6 6. Nc3 O-O 7. Be2 Bd7 8. a4 a6 9. O-O e5 10. Nd2 Ne8 11. Nc4 f5 12. a5 f4 13. Nb6 Ra7 14. Bg4 Bxg4 15. Qxg4 Nc7 16. Nc4 Nd7 17. Na4 Nf6 18. Qe2 Nb5 19. c3 g5 20. f3 Nh5 21. Qf2 Ng3 22. Rd1 Ra8 23. Nab6 Rb8 24. Bd2 h5 25. Be1 g4 26. Qc2 gxf3 27. gxf3 Rf6 28. Bxg3 fxg3 29. Kg2 h4 30. Ne3 Rf7 31. Nf5 Qf6 32. Nc4 Bh6 33. Qe2 Bf4 34. Nce3 Qg5 35. Ng4 Kh7 36. Qd3 Rd8 37. b4 cxb4 38. cxb4 Rc7 39. Ra2 Rc3 40. Qe2 Rdc8 41. Rd3 R3c7 42. Rd1 Nc3 43. Qc2 Nxa2 44. Qxa2 Rc2+ 45. Kg1 Rxa2 46. Nxd6 Rcc2 47. Nf5 Rg2+ 48. Kh1 Rh2+ 49. Kg1 Rag2+ 50. Kf1 Rf2+ 51. Kg1 Rxf3 52. d6 Qd8 53. d7 Rd2 54. Rxd2 Bxd2 55. Nxe5 Rxf5 56. exf5 Bc3 57. Ng6 Kg7 58. Nf4 Qxd7 59. Ne6+ Kf6 60. Kg2 Qd5+ 61. Kg1 Qxf5 62. Nf4 Qxf4 63. b5 Qf2+ 64. Kh1 Qh2# 0-1


[Site "https://www.chess.com"]

[Event "Titled Tuesday Blitz June 20 Early 2023"]
[White "Krutko, Anatoly"]
[Black "Goldin, Roman"]
[WhiteFideId "4185862"]
[BlackFideId "2803860"]
[WhiteElo "2378"]
[BlackElo "2312"]
[Result "0-1"]
[Round "3"]
[TimeControl "180+2"]
[Date "2023.06.20"]
[WhiteClock "0:00:00"]
[BlackClock "0:00:09"]
[Board "143"]

1. d4 Nf6 2. c4 Nc6 3. Nc3 e5 4. d5 Ne7 5. h4 h5 6. Bg5 Ng6 7. e4 Bc5 8. Be2 c6 9. Nf3 Qb6 10. O-O Ng4 11. Qe1 Qxb2 12. Na4 Qb4 13. Nxc5 Qxc5 14. Nd2 Nf4 15. Nb3 Qd6 16. c5 Qg6 17. d6 f6 18. Bxf4 exf4 19. Nd4 Ne5 20. Bf3 b6 21. Qe2 bxc5 22. Nf5 Ba6 23. Qxa6 Nxf3+ 24. Kh1 Ne5 25. Rac1 Qf7 26. Rxc5 O-O 27. Ne7+ Kh7 28. Qe2 g6 29. Rb1 Qe6 30. Qd2 Rab8 31. Rxb8 Rxb8 32. Qxf4 Qxd6 33. Nxg6 Nf3 34. Nf8+ Kg8 35. Rg5+ fxg5 36. hxg5 Qxf4 0-1


[Site "https://www.chess.com"]

[Event "Titled Tuesday Blitz June 20 Early 2023"]
[White "Ritvin, Stanislav"]
[Black "Garcia Blanco, Omar"]
[WhiteFideId "2011751"]
[BlackFideId "2287153"]
[WhiteElo "2379"]
[BlackElo "2356"]
[Result "0-1"]
[Round "3"]
[TimeControl "180+2"]
[Date "2023.06.20"]
[WhiteClock "0:00:02"]
[BlackClock "0:00:11"]
[Board "144"]

1. d4 Nf6 2. c4 e6 3. Nf3 d5 4. g3 Be7 5. Bg2 O-O 6. O-O c6 7. Qc2 b6 8. cxd5 cxd5 9. Nc3 Bb7 10. Rd1 Nc6 11. a3 Rc8 12. b4 Ne4 13. Bd2 a5 14. b5 Na7 15. Qb3 Nxc3 16. Bxc3 Nxb5 17. Qxb5 Rxc3 18. Rab1 Bxa3 19. Qxb6 Qxb6 20. Rxb6 Bc6 21. Ne5 Be8 22. e4 f6 23. Nd3 Ba4 24. Rd2 Bc2 25. Ne1 Bxe4 26. Bxe4 dxe4 27. Rxe6 Rc1 28. Rxe4 Bb4 29. Rde2 f5 30. Re5 f4 31. gxf4 Rxf4 32. Kg2 Rxd4 33. Nf3 Rg4+ 34. Kh3 Rf4 35. Ng5 Rc3+ 36. f3 h6 37. Re8+ Rf8 38. Rxf8+ Bxf8 39. Ne6 Rxf3+ 40. Kg2 Rb3 41. Nxf8 Kxf8 42. Re5 a4 43. Ra5 a3 44. Ra7 Rb2+ 45. Kg3 a2 46. Kh3 g5 47. Kg3 h5 48. Kh3 Ke8 49. Kg3 Kd8 50. h3 Kc8 51. Ra3 Kc7 52. Kf3 Kc6 53. Kg3 Kc5 54. Ra8 Kc4 55. Rc8+ Kd3 56. Rd8+ Kc2 0-1


[Site "https://www.chess.com"]

[Event "Titled Tuesday Blitz June 20 Early 2023"]
[White "Ning, Kaiyu"]
[Black "Kotepalli, Sai Nirupama"]
[WhiteFideId "8614750"]
[BlackFideId "5039444"]
[WhiteElo "2287"]
[BlackElo "2379"]
[Result "1-0"]
[Round "3"]
[TimeControl "180+2"]
[Date "2023.06.20"]
[WhiteClock "0:00:52"]
[BlackClock "0:00:00"]
[Board "145"]

1. e4 c5 2. Nf3 e6 3. d4 cxd4 4. Nxd4 Nf6 5. Nc3 Nc6 6. Nxc6 bxc6 7. e5 Nd5 8. Ne4 f5 9. exf6 Nxf6 10. Bd3 d5 11. Nxf6+ Qxf6 12. O-O Bd6 13. Qh5+ Qf7 14. Qh4 Be7 15. Bg5 Bxg5 16. Qxg5 Qf6 17. Qh5+ g6 18. Qh6 Bd7 19. f4 O-O-O 20. Rae1 Kc7 21. Re5 c5 22. c4 Bc6 23. Rfe1 Rd6 24. Bf1 d4 25. Bd3 Bd7 26. Rxc5+ Kb6 27. Rce5 Rc8 28. Qxh7 Rc7 29. g3 1-0


[Site "https://www.chess.com"]

[Event "Titled Tuesday Blitz June 20 Early 2023"]
[White "Spichkin, Alexander"]
[Black "Mamedov, Edgar"]
[WhiteFideId "4144074"]
[BlackFideId "13739980"]
[WhiteElo "1986"]
[BlackElo "2317"]
[Result "0-1"]
[Round "3"]
[TimeControl "180+2"]
[Date "2023.06.20"]
[WhiteClock "0:01:17"]
[BlackClock "0:00:35"]
[Board "146"]

1. f4 d5 2. Nf3 Nf6 3. e3 g6 4. Be2 Bg7 5. O-O O-O 6. d3 c5 7. Kh1 Nc6 8. a4 Re8 9. Ne5 Nd7 10. Nxc6 bxc6 11. e4 Rb8 12. Nc3 d4 13. Nb1 c4 14. Nd2 c3 15. bxc3 dxc3 16. Nc4 Ba6 17. e5 Bxc4 18. dxc4 f6 19. e6 Nc5 20. f5 Qxd1 21. Bxd1 Red8 22. Be3 Ne4 23. Bxa7 Ra8 24. Bb6 Rdb8 25. a5 Rxb6 26. Bf3 Nf2+ 27. Rxf2 Rxa5 28. Rd1 Rxf5 29. Rd8+ Bf8 30. g3 Re5 31. Re2 Rxe2 32. Bxe2 Rb2 33. Bd3 Rb1+ 34. Kg2 Re1 35. c5 Kg7 36. Rd4 Rxe6 37. Rc4 Re5 38. Rxc3 e6 39. Bc4 Rxc5 40. Kf3 Bd6 41. Ke4 Be5 42. Rd3 Rxc4+ 43. Kf3 Rxc2 44. Rd7+ Kh6 45. h4 Rc3+ 46. Ke4 Rxg3 47. Rxh7+ Kxh7 48. h5 Rg4+ 49. Kf3 gxh5 0-1


[Site "https://www.chess.com"]

[Event "Titled Tuesday Blitz June 20 Early 2023"]
[White "Fernandez Siles, Luis"]
[Black "Shubenkova, Veronika"]
[WhiteFideId "2209420"]
[BlackFideId "44124040"]
[WhiteElo "2195"]
[BlackElo "2060"]
[Result "1-0"]
[Round "3"]
[TimeControl "180+2"]
[Date "2023.06.20"]
[WhiteClock "0:00:26"]
[BlackClock "0:00:57"]
[Board "147"]

1. d4 d5 2. c4 e6 3. Nc3 Nf6 4. cxd5 exd5 5. Bg5 Be7 6. e3 O-O 7. Qc2 c6 8. Bd3 Nbd7 9. Nf3 h6 10. Bf4 a6 11. h3 Re8 12. O-O Nf8 13. Ne5 Ne6 14. Bh2 c5 15. dxc5 Nxc5 16. Be2 Be6 17. Rfd1 b5 18. Bf3 b4 19. Ne2 Qb6 20. Nd4 Red8 21. Nxe6 Qxe6 22. Rac1 Rac8 23. Qe2 Nce4 24. Nd3 a5 25. Be5 Nd7 26. Bd4 Bf6 27. Nf4 Qd6 28. Rxc8 Rxc8 29. Nxd5 Bxd4 30. exd4 Qxd5 31. Qxe4 Qxa2 32. Qb7 Qc4 33. Qxd7 Rc7 34. Qe8+ Kh7 35. d5 Qf4 36. d6 Rc1 37. Qe4+ 1-0


[Site "https://www.chess.com"]

[Event "Titled Tuesday Blitz June 20 Early 2023"]
[White "Tobares, Leandro"]
[Black "Aarav Dengla"]
[WhiteFideId "106402"]
[BlackFideId "45059756"]
[WhiteElo "2292"]
[BlackElo "2288"]
[Result "0-1"]
[Round "3"]
[TimeControl "180+2"]
[Date "2023.06.20"]
[WhiteClock "0:00:07"]
[BlackClock "0:02:10"]
[Board "148"]

1. e4 c5 2. Nf3 d6 3. Bb5+ Nd7 4. Bxd7+ Bxd7 5. O-O Nf6 6. d3 e6 7. h3 Be7 8. b4 cxb4 9. a3 a5 10. axb4 axb4 11. Rxa8 Qxa8 12. Bd2 Qa4 13. c4 bxc3 14. Nxc3 Qxd1 15. Rxd1 O-O 16. Rb1 Bc6 17. Nd4 Rc8 18. Nxc6 bxc6 19. Rb7 Bd8 20. Bf4 Ne8 21. Kf1 e5 22. Be3 Kf8 23. f4 f6 24. fxe5 fxe5 25. d4 exd4 26. Bxd4 Bf6 27. Bxf6 Nxf6 28. Ke2 Re8 29. Kd3 Re7 30. Rb6 Nd7 31. Rb1 Nc5+ 32. Kd4 Rb7 33. Rf1+ Ke7 34. e5 Rb4+ 35. Ke3 dxe5 0-1


[Site "https://www.chess.com"]

[Event "Titled Tuesday Blitz June 20 Early 2023"]
[White "Bogaudinov, Rushan"]
[Black "Gavrilov, Maxim"]
[WhiteFideId "4129288"]
[BlackFideId "24271454"]
[WhiteElo "1967"]
[BlackElo "1969"]
[Result "0-1"]
[Round "3"]
[TimeControl "180+2"]
[Date "2023.06.20"]
[WhiteClock "0:00:00"]
[BlackClock "0:00:06"]
[Board "149"]

1. e4 c5 2. Nf3 d6 3. d4 cxd4 4. Nxd4 Nf6 5. Nc3 a6 6. h3 e5 7. Nde2 h5 8. Bg5 Be7 9. f4 Nc6 10. Qd3 exf4 11. Bxf4 Be6 12. Nd4 Nxd4 13. Qxd4 Rc8 14. Bd3 O-O 15. O-O d5 16. Kh2 Bc5 17. Qe5 Re8 18. Rad1 Bxh3 19. Qg5 Bg4 20. Rd2 Be7 21. Be5 d4 22. Nd5 Rc6 23. Nxe7+ Qxe7 24. Rxf6 Rxf6 25. Bxf6 Qxf6 26. Qxf6 gxf6 27. Kg3 Kg7 28. Kf4 Rc8 29. g3 Rc5 30. a4 Kf8 31. Rh2 Ke7 32. Rd2 Ke6 33. Bf1 f5 34. b3 fxe4 35. Bc4+ Rxc4 36. bxc4 e3 37. Rxd4 e2 38. Re4+ Kd6 39. Re5 f6 40. Re3 Kc5 41. Ke4 Kxc4 42. a5 Kb5 43. Kd5 Kxa5 44. Kc4 b5+ 45. Kb3 Kb6 46. Kb4 a5+ 47. Kc3 Kc5 48. Kd3 a4 49. Kc3 b4+ 50. Kb2 Kd4 51. Re7 Bf3 52. Kc1 a3 53. Kd2 Kc4 54. Ra7 b3 55. Rc7+ Kb4 56. cxb3 Kxb3 57. Rc3+ Kb4 58. Rxf3 a2 59. Rf4+ Kb5 60. Rf5+ Kb4 61. Rf4+ Kb3 62. Rf3+ Kb2 63. Kxe2 a1=Q 64. Rxf6 Qa4 65. Rf3 Qg4 66. Kf2 Kc2 67. Rf4 Qg5 68. Kf3 Kd2 69. Rd4+ Ke1 0-1


[Site "https://www.chess.com"]

[Event "Titled Tuesday Blitz June 20 Early 2023"]
[White "Omariev, Maksim"]
[Black "chess123456s"]
[WhiteFideId "4193423"]
[WhiteElo "2348"]
[BlackElo "2533"]
[Result "1-0"]
[Round "3"]
[TimeControl "180+2"]
[Date "2023.06.20"]
[WhiteClock "0:00:07"]
[BlackClock "0:01:36"]
[Board "150"]

1. e4 e5 2. Nf3 Nc6 3. d4 exd4 4. Nxd4 Nf6 5. Nc3 Bb4 6. Nxc6 bxc6 7. Bd3 d5 8. exd5 O-O 9. O-O cxd5 10. Bg5 Be6 11. Qf3 h6 12. Bxf6 Qxf6 13. Qxf6 gxf6 14. Nb5 c5 15. c3 Ba5 16. Rfe1 a6 17. Nd6 Rab8 18. Re2 Rfd8 19. Nf5 Bxf5 20. Bxf5 Re8 21. Rae1 Kf8 22. Bd7 Rxe2 23. Rxe2 Bxc3 24. b3 Bd4 25. Kf1 c4 26. Ba4 c3 27. Rc2 Be5 28. Ke2 Rb4 29. g3 Re4+ 30. Kd3 Re1 31. f4 Bd4 32. Kxd4 Rd1+ 33. Kxc3 d4+ 34. Kb2 d3 35. Rc3 Rh1 36. Rxd3 Rxh2+ 37. Ka3 h5 38. Bc6 Rh3 39. Be4 Ke7 40. Kb4 Ke6 41. a4 f5 42. Bd5+ Kf6 43. Bc4 h4 44. gxh4 Rxh4 45. Rd6+ Ke7 46. Rd4 Rh6 47. Ka5 f6 48. Bxa6 Kf8 49. Bc4 Kg7 50. b4 Rh8 51. b5 Rf8 52. b6 Re8 53. Kb5 Re7 54. a5 Kg6 55. a6 Kh6 56. b7 Rg7 57. b8=Q Rg6 58. Qh8# 1-0


[Site "https://www.chess.com"]